 BcadrenCrawl: Boulder Brew version 0.06-744-gf22570f5e0 (webtiles) character file.

Game seed: 16007650581382425164

95 LabCoat the Skirmisher (level 4, 0/88 HPs) Hill Orc Fighter. Began on Mar 5, 2023. Succumbed to a big kobold's poison ... on level 2 of the Dungeon. The game lasted 00:05:22 (1047 turns).

LabCoat the Skirmisher (Hill Orc Fighter)           Turns: 1047, Time: 00:05:22

Health: 0/88       AC:  6    Str: 24    XL:     4 ^: 29
Magic:  4/4        EV:  8    Int:  8    God:
Gold:   84         SH:  7    Dex: 10    Spells: 3/3 levels left

rFire    . . .     Slash    .   a - +0 war axe
rCold    . . .     Pierce   .   c - +0 heater shield
rNeg     + . .     Bludgeon .   b - +0 scale mail
rCorr    . . .     Vision   .   (no helmet)
rPois    .         Gourm    .   (no cloak)
rElec    .         Faith    .   (no gloves)
MR       +....     Spirit   .   (no boots)
HPRegen  0.39/turn Reflect  .   n - amulet of rage
MPRegen  0.14/turn Harm     .   j - ring of positive energy
Stlth    ..........             l - ring of protection from magic

@: mighty, berserking, lethally poisoned (0 -> -8), very quick
A: soft flesh
a: Evoke Berserk Rage


You were on level 2 of the Dungeon.
You were not hungry.

You visited 1 branch of the dungeon, and saw 2 of its levels.

You collected 84 gold pieces.

Inventory:

Weapons
 a - a +0 war axe (weapon) Shields
 c - a +0 heater shield (shield)
Armour
 b - a +0 scale mail (worn)
Jewellery
 i - an uncursed ring of wizardry
 j - a ring of positive energy (left hand)
 k - a cursed ring of evasion {(Curse: MR-)}
 l - a ring of protection from magic (right hand)
 n - an amulet of rage (around neck)
 o - a cursed ring of fire {(Curse: *Drain)}
Potions
 d - a potion of might
 m - a potion of cancellation
 p - a potion of gain dexterity
Comestibles
 f - 4 rations
 h - 4 chunks of flesh


   Skills:
 * Level 4.5 Fighting
 * Level 4.0 Axes & Hammers
 + Level 3.6 Armour
 + Level 0.9 Dodging
 * Level 3.9 Shields


You had 3 spell levels left.
You didn't know any spells.
Your spell library was empty.

Dungeon Overview and Level Annotations

Branches:
Dungeon (2/8)

Altars:


Innate Abilities, Weirdness & Mutations

((Your soft flesh is weak to deep cuts.
Heavy manmade armour will nullify this weakness. (rSlashing-)))


Message History

You hit the jelly (5).
It resists.
Your hands burn (1).
* * * LOW HITPOINT WARNING * * *
The jelly is moderately wounded. (13/18) HP You feel sick. (2)
The jelly barely misses you.
You hit the jelly (4).
It resists.
Your hands burn (4).
* * * LOW HITPOINT WARNING * * *
The jelly is heavily wounded. (10/18) HP You hit the leopard gecko (3).
It resists.
You feel sick. (1)
You block the leopard gecko's attack. The jelly hits you (1).
* * * LOW HITPOINT WARNING * * *
You are splashed with acid (8)!
* * * LOW HITPOINT WARNING * * *
You hit the jelly (4).
It resists.
Your hands burn (4).
* * * LOW HITPOINT WARNING * * *
The jelly is severely wounded. (6/18) HP You hit the leopard gecko (5).
It resists.
You kill the leopard gecko!
You die...

≈≈≈ .♣ ≈≈≈ #.≈
♣. ≈≈≈≈
##♣.♣###..
≈≈≈≈≈
#≈..#....≈
≈≈≈≈.##≈♣.♣...≈
.≈≈.....#.≈≈..
≈≈≈≈.#..♣≈♣#
≈≈≈≈.≈sJ†≈#
.≈≈≈≈#≈.@## P.≈
#.♣♣♣♣ P #♣♣♣P♣
♣P


You could see a jelly and a giant cockroach.

Vanquished Creatures
  3 giant cockroaches
  2 cinder newts (D:1)
  A dart slug (D:1)
  2 leopard geckos
  3 goblins (D:1)
  6 hobgoblins (D:1)
  5 bats (D:1)
  A hobgoblin skeleton (D:2)
  8 kobolds
  3 rats (D:1)
34 creatures vanquished.

Vanquished Creatures (others)
  4 withered plants (D:2)
4 creatures vanquished.

Grand Total: 38 creatures vanquished

Notes
Turn   | Place    | Note
-------+----------+-------------------------------------------
     0 | D:1      | LabCoat the Hill Orc Fighter began the quest for the Orb.
     0 | D:1      | Reached XP level 1. HP: 29/29 MP: 1/1
   176 | D:1      | Reached XP level 2. HP: 39/39 MP: 2/2
   427 | D:1      | Reached XP level 3. HP: 22/49 MP: 3/3
   818 | D:1      | Reached XP level 4. HP: 59/59 MP: 4/4
  1026 | D:2      | Noticed a big kobold
  1047 | D:2      | HP: 1/88 [acid (4)]
  1047 | D:2      | Succumbed to a big kobold's poison

Illustrated notes

Levels and vault maps discovered:
D:1:      kennysheep_arrival_forest, layout_loops_ring, hangedman_glass_teeth,
          kennysheep_generic_room_10
D:2:      layout_sewer, bcadren_lemuel_inverted_doored_altar,
          chequers_ecumenical_altar_island, serial_forest,
          infiniplex_forest_clump_medium, infiniplex_forest_lined_3,
          infiniplex_forest_lined_3, infiniplex_forest_3_way,
          infiniplex_forest_lined_corner, infiniplex_forest_clump_tiny,
          infiniplex_forest_straight_3, infiniplex_forest_lined_2,
          infiniplex_forest_zigzag_2, infiniplex_forest_clump_large

Skill      XL: |  1  2  3  4 |
---------------+-------------+-----
Axes & Hammers | 3 4 |  4.0
Fighting       | 4 |  4.5
Armour         | |  3.6
Dodging        | |  0.9
Shields        | |  3.9

Action                   |  1- 3 |  4- 6 || total
-------------------------+-------+-------++-------
Melee: War axe           |    51 |    14 ||    65
 Abil: Evoke Berserk Rag |       |     1 ||     1
  Use: Potion            |     1 |     2 ||     3
       Scroll            |       |     1 ||     1
  Eat: Chunk             |       |     1 ||     1
Armor: Scale mail        |    30 |     8 ||    38
Dodge: Dodged            |     9 |     3 ||    12
Block: Heater shield     |    18 |    12 ||    30
